 Dungeon Crawl Stone Soup version 0.29-a0-1047-g7c58e119a4 (webtiles) character file.

Game seed: 18310401857401637953

102 greasedhog the Sneak (level 4, 0/26 HPs)
             Began as a Gargoyle Brigand on Aug 16, 2022.
             Slain by a gnoll
             ... wielding a +0 spear
              (7 damage)
             ... on level 2 of the Dungeon.
             The game lasted 00:02:41 (2407 turns).

greasedhog the Sneak (Gargoyle Brigand)             Turns: 2407, Time: 00:02:42

Health: 0/26       AC:  6    Str: 15    XL:     4   Next: 77%
Magic:  4/4        EV: 11    Int: 11    God:
Gold:   121        SH:  0    Dex: 13    Spells: 3/3 levels left

rFire   . . .      SeeInvis .   a - +2 dagger
rCold   . . .      Faith    .   (no shield)
rNeg    + . .      Spirit   .   b - +0 robe
rPois   ∞          Reflect  .   (no helmet)
rElec   +          Harm     .   c - +0 cloak
rCorr   .          Rampage  .   (no gloves)
Will    .....                   (no boots)
Stlth   +++.......              (no amulet)
HPRegen 0.08/turn               (no ring)
MPRegen 0.09/turn               (no ring)

@: no status effects
A: sickness immunity, AC +3, negative energy resistance 1, electricity
resistance, torment resistance 1, petrification resistance
a: no special abilities


You were on level 2 of the Dungeon.
You visited 1 branch of the dungeon, and saw 2 of its levels.

You collected 121 gold pieces.

Inventory:

Hand Weapons
 a - a +2 dagger (weapon)
Missiles
 d - 12 poisoned darts (quivered)
 e - a curare-tipped dart
 f - 4 atropa-tipped darts
Armour
 b - a +0 robe (worn)
 c - a +0 cloak (worn)
Jewellery
 m - a +4 ring of protection
Scrolls
 g - a scroll of identify
 k - a scroll of teleportation
 n - a scroll of butterflies {unknown}
Potions
 i - a potion of cancellation {unknown}
 j - a potion of ambrosia {unknown}
 l - a potion of berserk rage {unknown}


   Skills:
 - Level 2.1 Fighting
 * Level 3.3 Short Blades
 - Level 1.7 Throwing
 - Level 0.7 Dodging
 * Level 5.7 Stealth


You had 3 spell levels left.
You didn't know any spells.
Your spell library contained the following spells:

 Spells                   Type           Power      Damage    Failure   Level
 Stone Arrow              Conj/Erth      0%         3d7       71%         3
 Animate Armour           Summ/Erth      0%         N/A       98%         4
 Lehudib's Crystal Spear  Conj/Erth      0%         10d2      100%        8


Dungeon Overview and Level Annotations

Branches:
Dungeon (2/15)

Altars:


Innate Abilities, Weirdness & Mutations

You are immune to sickness and miasma.
Your stone body is resilient. (AC +3)
You are immune to poison.
You resist negative energy. (rN+)
You are resistant to electric shocks. (rElec)
You are resistant to unholy torment.
You are immune to petrification.


Message History

No target in view!
No target in view!
No target in view!
No target in view!
No target in view!
No target in view!
No target in view!
No target in view!
No target in view!
No target in view!
No target in view!
No target in view!
No target in view!
No target in view!
You see here an adder corpse. 2 gnolls come into view.
There are monsters nearby!
There are monsters nearby!
The helpless gnoll fails to defend itself.
You impale the gnoll!!
You kill the gnoll!
You see here a +0 spear.
A gnoll comes into view. It is wielding a +0 spear.
The gnoll shouts! x2; You hear a shout!
The gnoll hits you from afar with a +0 spear!
You hit the gnoll.
The gnoll is moderately wounded.
The gnoll hits you with a +0 flail!
The gnoll hits you from afar with a +0 spear.
You are too injured to fight recklessly!
You see here a +0 spear.
The gnoll attacks as you move away! The gnoll barely misses you.
A gnoll comes into view. It is wielding a +0 club.
The gnoll attacks as you move away! The gnoll completely misses you.
The gnoll attacks as you move away! The gnoll closely misses you.
The gnoll attacks as you move away! The gnoll hits you with a +0 flail.
* * * LOW HITPOINT WARNING * * *
There is a stone staircase leading up here.
The gnoll hits you from afar with a +0 spear!
You die...

#)# #.#######
#.......# #.......#
######### #.......#
#........
#.#..g....###...)....
#.#..g...............
#.#..g.....#.........
#.#..@.....#.........
#.#........†.........
#..........##........
#..........##........
#...#)...#.##........
#...######.########+#
#...# #.#........#
#...######.#.#########
#.........>...........


You could see 3 gnolls.

Vanquished Creatures
  Terence (D:2)
  A gnoll (D:2)
  3 adders (D:2)
  A dart slug (D:2)
  6 ball pythons
  4 endoplasms (D:1)
  3 giant cockroaches (D:1)
  3 goblins
  4 hobgoblins
  2 quokkas (D:1)
  4 bats
  4 frilled lizards
  A kobold (D:1)
  A rat (D:1)
38 creatures vanquished.

Notes
Turn   | Place    | Note
-------+----------+-------------------------------------------
     0 | D:1      | greasedhog the Gargoyle Brigand began the quest for the
                  | Orb.
     0 | D:1      | Reached XP level 1. HP: 12/12 MP: 1/1
   110 | D:1      | Reached XP level 2. HP: 11/17 MP: 2/2
   854 | D:1      | Reached skill level 5 in Stealth
   854 | D:1      | Reached XP level 3. HP: 19/21 MP: 3/3
  1821 | D:2      | Found a faded altar of an unknown god.
  1873 | D:2      | Noticed Terence
  1884 | D:2      | HP: 1/21 [Terence/+0 flail (8)]
  2138 | D:2      | Killed Terence
  2139 | D:2      | Reached XP level 4. HP: 17/26 MP: 4/4
  2407 | D:2      | Slain by a gnoll

Illustrated notes

Levels and vault maps discovered:
D:1:      mrwooster_arrival_statue_2, layout_basic, patterned_corridor
D:2:      layout_basic, hellmonk_ecumenical_altar_crossroads,
          minmay_pentomino_s2, uniq_terence

Skill      XL: |  1  2  3 |
---------------+----------+-----
Short Blades   | 2 3 |  3.3
Stealth        | 5 |  5.7
Fighting       | |  2.1
Throwing       | |  1.7
Dodging        | |  0.7

Action                   |  1- 3 |  4- 6 || total
-------------------------+-------+-------++-------
Melee: Dagger            |   109 |     8 ||   117
Throw: Dart              |    13 |       ||    13
  Use: Scroll            |     3 |       ||     3
       Potion            |     1 |       ||     1
 Stab: Sleeping          |     8 |     2 ||    10
       Distracted        |     1 |       ||     1
Armor: Robe              |    34 |     2 ||    36
Dodge: Dodged            |    73 |     4 ||    77

Table legend: (Time is in decaauts)
 A = Elapsed time spent in this place.
 B = Non-inter-level travel time spent in this place.
 C = Inter-level travel time spent in this place.
 D = Time resting spent in this place.
 E = Time spent auto-exploring this place.
 F = Levels seen in this place.
 G = Mean time per level.
                   A        B        C        D        E       F      G
               +--------+--------+--------+--------+--------+-----+--------+
         Total |   2391 |   2381 |     10 |    605 |   1447 |   2 | 1195.5 |
       Dungeon |   2391 |   2381 |     10 |    605 |   1447 |   2 | 1195.5 |
               +--------+--------+--------+--------+--------+-----+--------+

Top non-repeatable levels by time:
     D:2: 1222 daAuts
     D:1: 1168 daAuts
